 Dungeon Crawl Stone Soup version 0.32-a0-913-g739538afd8 (webtiles) character file.

Game seed: 17115712370824671998

2137 GiantSquids the Cleaver (level 9, -5/70 HPs)
             Began as a Mountain Dwarf Fighter on Apr 7, 2024.
             Was a Priest of Okawaru.
             Slain by an orc warrior
             ... wielding a +0 dire flail
              (12 damage)
             ... on level 7 of the Dungeon.
             The game lasted 00:08:39 (5387 turns).

GiantSquids the Cleaver (Mountain Dwarf Fighter)    Turns: 5387, Time: 00:08:40

Health: -5/70      AC: 10    Str: 23    XL:     9   Next: 9%
Magic:  9/9        EV:  8    Int:  9    God:    Okawaru [***...]
Gold:   230        SH:  4    Dex:  9    Spells: 8/8 levels left

rFire   . . .        p - +1 war axe (elec)
rCold   . . .        c - +0 buckler
rNeg    + . .        b - +0 scale mail
rPois   .            (no helmet)
rElec   .            u - +0 cloak
rCorr   .            (no gloves)
SInv    .            s - +1 pair of boots
Will    .....        (no amulet) Stlth
                     n - ring of positive energy
HPRegen 0.31/turn    m - ring of flight
MPRegen 0.11/turn

%: no passive effects
@: flying
A: runic magic, artefact enchanting
a: Renounce Religion, Heroism


You were on level 7 of the Dungeon.
You worshipped Okawaru.
Okawaru was most pleased with you.
You visited 1 branch of the dungeon, and saw 7 of its levels.
You also visited: Sewer.

You collected 230 gold pieces.

Inventory:

Hand Weapons
 p - a +1 war axe of electrocution (weapon)
Missiles
 f - 67 stones (quivered)
 B - 2 boomerangs
Armour
 b - a +0 scale mail (worn)
 c - a +0 buckler (worn)
 s - a +1 pair of boots (worn)
 u - a +0 cloak (worn)
Jewellery
 a - a ring of resist corrosion
 m - a ring of flight (right hand)
 n - a ring of positive energy (left hand)
 C - a ring of fire
Scrolls
 e - 2 scrolls of summoning
 i - 2 scrolls of enchant armour
 j - 2 scrolls of teleportation {unknown}
 k - a scroll of amnesia
 l - 3 scrolls of fog
 t - 2 scrolls of immolation {unknown}
 y - a scroll of vulnerability
 z - 2 scrolls of enchant weapon
 A - 2 scrolls of fear
 H - a scroll of silence {unknown}
Potions
 g - 3 potions of haste {unknown}
 h - 2 potions of brilliance {unknown}
 o - 2 potions of berserk rage {unknown}
 q - 4 potions of curing {unknown}
 r - a potion of enlightenment {unknown}
 v - 3 potions of mutation
 w - 2 potions of magic {unknown}
 x - 2 potions of degeneration {unknown}
 D - a potion of heal wounds {unknown}
 E - a potion of invisibility {unknown}


   Skills:
 - Level 3.2 Fighting
 + Level 14.3 Axes
 - Level 3.2 Armour
 - Level 3.2 Shields


You had 8 spell levels left.
You didn't know any spells.
Your spell library contained the following spells:

 Spells                   Type           Power      Damage    Failure   Level
 Cigotuvi's Dreadful Rot  Necr/Alch/Air  0%         N/A       67%         2
 Ensorcelled Hibernation  Hex/Ice        0%         N/A       67%         2
 Lesser Beckoning         Tloc           0%         N/A       67%         2
 Maxwell's Portable Pile  Tloc           0%         2d(5-13)  88%         3
 Passwall                 Erth           0%         N/A       88%         3
 Swiftness                Air            0%         N/A       88%         3
 Teleport Other           Tloc           0%         N/A       88%         3
 Ignite Poison            Fire/Alch      0%         N/A       99%         4
 Freezing Cloud           Conj/Ice/Air   0%         6-21      100%        5


Dungeon Overview and Level Annotations

Branches:
Dungeon (7/15)             Temple (0/1) D:5           Sewer (visited)

Altars:
Fedhas
Okawaru
Ru
Vehumet
Lugonu

Shops:
D:1 !

Portals:
Abyss: D:4


Innate Abilities, Weirdness & Mutations

Your spellcasting is much less encumbered by armour.
You can use scrolls of enchantment on lesser artefacts.


Message History

Okawaru accepts your kill. You block the orc warrior's attack.
You slash the orc warrior!
The orc warrior is heavily wounded.
You hit the orc wizard but do no damage.
Lightning courses through the orc wizard!
The orc wizard hits you with a +0 dagger.
The orc warrior hits you with a +0 dire flail.
You slice the orc wizard!!
You kill the orc wizard!
Okawaru accepts your kill.
You closely miss the orc warrior.
The orc warrior hits you with a +0 dire flail!
You closely miss the orc warrior.
The orc warrior is heavily wounded.
The orc warrior hits you with a +0 dire flail!
You hit the orc warrior but do no damage.
The orc warrior is heavily wounded.
A rat zombie comes into view.
The wyvern barely misses you.
You hit the wyvern.
The wyvern is lightly wounded.
You hit the orc warrior but do no damage.
You block the orc warrior's attack. The wyvern barely misses you.
You slash the wyvern!
The wyvern is heavily wounded.
You barely miss the orc warrior. The wyvern barely misses you.
The orc warrior hits you with a +0 dire flail!
* * * LOW HITPOINT WARNING * * *
You slash the wyvern!
You kill the wyvern!
Okawaru accepts your kill.
You hit the orc warrior but do no damage.
The orc warrior hits you with a +0 dire flail!
* * * LOW HITPOINT WARNING * * *
Your life force feels restored.
You hit the orc warrior.
The orc warrior is heavily wounded.
The orc warrior hits you with a +0 dire flail!
You die...

#. #.#. #.#. #.#. #.#.
#### #.## .....## #.##
####..)##############.##
..Z.).o@.............)).
#######).############)#.
##..# ...#. ##.# ..^..#.
.# .......#. .#
########. .. #. .. #.


You could see an orc warrior and a rat zombie.

Vanquished Creatures
  Sigmund (D:2)
  2 wyverns
  2 ice beasts
  An ogre (D:4)
  A centaur (D:6)
  A crocodile (Sewer)
  2 kobold brigands (Sewer)
  3 scorpions
  5 wights (D:6)
  5 hounds
  2 jellies (D:5)
  2 orc priests
  4 iguanas (D:6)
  Terence (D:2)
  3 orc wizards
  A gnoll (D:5)
  8 adders
  A river rat (Sewer)
  A shadow imp (D:7)
  A white imp (D:5)
  4 ufetubi (D:6)
  3 ribbon worms
  11 orcs
  7 bats
  8 endoplasms
  8 giant cockroaches
  4 goblins
  4 hobgoblins
  4 jackals (D:3)
  15 kobolds
  5 quokkas
  13 ball pythons
  5 frilled lizards
  7 rats
  A lurking horror (D:4)
146 creatures vanquished.

Notes
Turn   | Place    | Note
-------+----------+-------------------------------------------
     0 | D:1      | GiantSquids the Mountain Dwarf Fighter began the quest for
                  | the Orb.
     0 | D:1      | Reached XP level 1. HP: 19/19 MP: 1/1
   132 | D:1      | Reached skill level 3 in Axes
   176 | D:1      | Reached XP level 2. HP: 26/26 MP: 2/2
   303 | D:1      | Found a faded altar of an unknown god.
   365 | D:1      | Reached skill level 4 in Axes
   541 | D:1      | Found Seekh's Distillery.
   913 | D:2      | Reached XP level 3. HP: 31/31 MP: 3/3
   919 | D:2      | Noticed Sigmund
  1008 | D:2      | Noticed Terence
  1021 | D:2      | Killed Terence
  1022 | D:2      | Reached skill level 5 in Axes
  1022 | D:2      | Reached XP level 4. HP: 34/38 MP: 4/4
  1089 | D:2      | Killed Sigmund
  1090 | D:2      | Reached skill level 7 in Axes
  1090 | D:2      | Reached XP level 5. HP: 16/45 MP: 5/5
  1567 | D:3      | Found an iron altar of Okawaru.
  1605 | D:3      | Became a worshipper of Warmaster Okawaru
  1688 | D:3      | Found a blossoming altar of Fedhas.
  1988 | D:3      | Reached XP level 6. HP: 45/51 MP: 6/6
  2056 | D:3      | Found a sacrificial altar of Ru.
  2347 | D:4      | Reached skill level 8 in Axes
  2504 | D:4      | Found a corrupted altar of Lugonu.
  2593 | D:4      | Found a one-way gate to the infinite horrors of the Abyss.
  2621 | D:4      | Identified the +2 robe of the Lich-sworn {rN+ Int+9}
  2927 | D:5      | Entered Level 5 of the Dungeon
  2990 | D:5      | Noticed an ice beast
  2995 | D:5      | Killed an ice beast
  2995 | D:5      | Reached * piety under Okawaru
  2996 | D:5      | Reached skill level 9 in Axes
  2996 | D:5      | Reached XP level 7. HP: 57/57 MP: 7/7
  3478 | D:5      | Found a staircase to the Ecumenical Temple.
  3484 | D:5      | Reached skill level 10 in Axes
  4015 | D:6      | Found a radiant altar of Vehumet.
  4094 | D:6      | Reached skill level 11 in Axes
  4101 | D:6      | Reached ** piety under Okawaru
  4159 | D:6      | Found a glowing drain.
  4162 | D:6      | Reached XP level 8. HP: 57/63 MP: 8/8
  4170 | Sewer    | Entered a sewer
  4412 | Sewer    | Reached skill level 12 in Axes
  4726 | D:6      | Reached skill level 13 in Axes
  5078 | D:6      | Reached *** piety under Okawaru
  5332 | D:7      | Noticed a +0 short sword
  5332 | D:7      | Noticed a +0 falchion
  5332 | D:7      | Noticed a +0 falchion
  5332 | D:7      | Noticed a +0 spear
  5332 | D:7      | Noticed a +0 dagger
  5334 | D:7      | Noticed a +0 short sword
  5335 | D:7      | Noticed a +0 spear
  5339 | D:7      | Noticed a +0 dagger
  5360 | D:7      | Reached XP level 9. HP: 70/70 MP: 9/9
  5378 | D:7      | Reached skill level 14 in Axes
  5387 | D:7      | Slain by an orc warrior

Illustrated notes

Levels and vault maps discovered:
D:1:      lemuel_arrival_rhombus, layout_basic,
          hellmonk_ecumenical_altar_pennies_from_heaven, serial_shops, shop,
          st_stairs_7
D:2:      layout_rooms, st_stairs_9, grunt_ministairs_9, uniq_sigmund,
          uniq_terence
D:3:      layout_basic, fedhas_altar_3, mainiacjoe_overflow_alcove_2,
          nicolae_ru_sacrificial_ziggurat, kennysheep_boxes
D:4:      layout_rooms, amcnicky_altar_lugonu_corruption
D:5:      layout_layer_cave, minmay_temple_entry_drinking_statues, st_stairs_2
D:6:      layout_loops_ring, kennysheep_mini_moat, gup_sewer_entry_glass
D:7:      layout_basic, nicolae_uskayaw_en_pointe, enter_ossuary_3,
          minmay_stone_trees_small

Skill      XL: |  1  2  3  4  5  6  7  8  9 |
---------------+----------------------------+-----
Axes           | 3 4 5 7 9 11 13 14 | 14.3
Fighting       | |  3.2
Armour         | |  3.2
Shields        | |  3.2

Action                     |  1- 3 |  4- 6 |  7- 9 || total
---------------------------+-------+-------+-------++-------
  Melee: War axe           |    82 |   128 |   202 ||   412
    Use: Scroll            |       |       |     9 ||     9
         Potion            |       |       |     1 ||     1
 Armour: Scale mail        |    66 |    85 |   144 ||   295
  Dodge: Dodged            |    46 |    51 |    75 ||   172
  Block: Buckler           |    15 |    16 |    33 ||    64

Table legend: (Time is in decaauts)
 A = Elapsed time spent in this place.
 B = Non-inter-level travel time spent in this place.
 C = Inter-level travel time spent in this place.
 D = Time resting spent in this place.
 E = Time spent auto-exploring this place.
 F = Levels seen in this place.
 G = Mean time per level.
                   A        B        C        D        E       F      G
               +--------+--------+--------+--------+--------+-----+--------+
         Total |   5425 |   5205 |    220 |    234 |   3896 |   8 |  678.1 |
       Dungeon |   5098 |   4878 |    220 |    234 |   3690 |   7 |  728.3 |
         Sewer |    327 |    327 |      0 |      0 |    206 |   1 |  327.0 |
               +--------+--------+--------+--------+--------+-----+--------+

Top non-repeatable levels by time:
     D:5: 1022 daAuts
     D:1: 991 daAuts
     D:6: 956 daAuts
     D:3: 842 daAuts
     D:4: 601 daAuts
     D:2: 541 daAuts
   Sewer: 327 daAuts
     D:7: 141 daAuts
